 Dungeon Crawl Stone Soup version 0.21.1-1-g345015f (webtiles) character file.

19 Jawreze the Conjurer (level 2, -7/23 HPs)
             Began as a Gnoll Wanderer on May 29, 2018.
             Mangled by Natasha (9 damage)
             ... on level 2 of the Dungeon.
             The game lasted 00:01:59 (957 turns).

Jawreze the Conjurer (Gnoll Wanderer)                Turns: 957, Time: 00:02:00

Health: -7/23      AC:  3    Str: 15    XL:     2   Next: 75%
Magic:  0/3        EV: 11    Int: 14    God:
Gold:   125        SH:  0    Dex: 13    Spells: 1/2 levels left

rFire    . . .     SeeInvis .   d - +0 club
rCold    . . .     Gourm    .   (no shield)
rNeg     . . .     Faith    .   e - +0 leather armour (curse)
rPois    .         Spirit   .   (no helmet)
rElec    .         Reflect  .   (no cloak)
rCorr    .         Harm     .   (no gloves)
MR       .....                  (no boots)
Stlth    ++........             (no amulet)
HPRegen  0.07/turn              (no ring)
MPRegen  0.08/turn              (no ring)

@: no status effects
A: distributed training, fangs 1, strong nose
a: no special abilities


You were on level 2 of the Dungeon.
You were hungry.

You visited 1 branch of the dungeon, and saw 2 of its levels.

You collected 125 gold pieces.

Inventory:

Hand Weapons
 d - a +0 club (weapon)
Armour
 c - a +0 ring mail
 e - a cursed +0 leather armour (worn)
Jewellery
 h - an uncursed amulet of guardian spirit {unknown}
Scrolls
 i - a scroll of enchant armour {unknown}
 j - a scroll of fog {unknown}
 k - a scroll of immolation {unknown}
 n - a scroll of identify {unknown}
 o - a scroll of teleportation {unknown}
Potions
 g - 2 potions of cancellation {unknown}
 l - 2 potions of haste {unknown}
 m - a potion of agility {unknown}
 p - a potion of flight {unknown}
 q - a potion of degeneration {unknown}
Books
 a - a book of Conjurations

   Spells                             Type                      Level
   a - Magic Dart                     Conjuration                  1
   b - Searing Ray                    Conjuration                  2
   c - Dazzling Spray                 Conjuration/Hexes            3
   d - Fulminant Prism                Conjuration/Hexes            4
   e - Force Lance                    Conjuration/Translocation    4
   f - Iskenderun's Mystic Blast      Conjuration                  4
 b - the Disquisition on Black Rituals

   Spells                             Type                      Level
   a - Animate Skeleton               Necromancy                   1
   b - Regeneration                   Charms/Necromancy            3
Comestibles
 f - 4 rations


   Skills:
 + Level 2.5 Fighting
 + Level 0.5 Short Blades
 + Level 0.5 Long Blades
 + Level 0.5 Axes
 + Level 2.5 Maces & Flails
 + Level 0.5 Polearms
 + Level 0.5 Staves
 + Level 0.5 Slings
 + Level 0.5 Bows
 + Level 0.5 Crossbows
 + Level 0.5 Throwing
 + Level 2.5 Armour
 + Level 0.5 Dodging
 + Level 2.3 Stealth
 + Level 0.5 Shields
 + Level 0.5 Unarmed Combat
 + Level 0.5 Spellcasting
 + Level 7.0 Conjurations
 + Level 0.3 Hexes
 + Level 0.3 Charms
 + Level 0.3 Summonings
 + Level 0.3 Necromancy
 + Level 0.3 Translocations
 + Level 0.3 Transmutations
 + Level 0.3 Fire Magic
 + Level 2.0 Ice Magic
 + Level 0.3 Air Magic
 + Level 0.3 Earth Magic
 + Level 0.3 Poison Magic
 + Level 0.6 Invocations
 + Level 2.5 Evocations


You had one spell level left.
You knew the following spells:

 Your Spells              Type           Power        Failure   Level  Hunger
a - Magic Dart            Conj           ###.         1%          1    ##.....


Dungeon Overview and Level Annotations

Branches:
Dungeon (2/15)

Altars:

Annotations:
D:2 Natasha


Innate Abilities, Weirdness & Mutations

Your experience applies equally to all skills.
You have very sharp teeth.
Your uncanny sense of smell can sniff out nearby items.


Message History

You don't have enough magic to cast that spell.
Unknown command.
Natasha stares at you and mumbles some strange words.
The magic dart hits you!
You closely miss Natasha. Your bite misses Natasha.
Natasha is moderately wounded.
Natasha claws you.
You barely miss Natasha.
Natasha is moderately wounded.
Natasha claws you. The white imp hits you. The white imp freezes you.
* * * LOW HITPOINT WARNING * * *
You hit Natasha.
Natasha is moderately wounded.
Natasha claws you.
* * * LOW HITPOINT WARNING * * *
The white imp closely misses you.
You hit Natasha.
Natasha is heavily wounded.
Natasha claws you!
You die...

..#. .# ##.#.###.#
#......... #....... ∆
∆ #....... +####
##.#....####.....
......h5......).... ∆
....>..@.............
##.#..............#.#
#......#######.#.# ∆
...........(..##.#.#
#.#............#.#.#
#
#............#.#.#.#
#.##..#........#.#.#
#. #..#.......#..#..
# #..#.......#..#.#


You could see Natasha and a white imp.

Vanquished Creatures
  A leopard gecko (D:1)
  2 giant cockroaches (D:1)
  4 goblins
  A hobgoblin (D:1)
  A kobold (D:1)
  4 bats (D:1)
  4 rats
17 creatures vanquished.

Notes
Turn   | Place    | Note
-------+----------+-------------------------------------------
     0 | D:1      | Jawreze the Gnoll Wanderer began the quest for the Orb.
     0 | D:1      | Jawreze set off with: a book of Conjurations, the Disquisition on Black Rituals, a +0 ring mail, a +0 club, a ration
     0 | D:1      | Reached XP level 1. HP: 17/17 MP: 2/2
    69 | D:1      | Identified the Disquisition on Black Rituals
   328 | D:1      | Reached XP level 2. HP: 22/23 MP: 3/3
   331 | D:1      | Learned a level 1 spell: Magic Dart
   948 | D:2      | Noticed Natasha
   957 | D:2      | Mangled by Natasha

Skill      XL: |  1 |
---------------+----+-----
Ice Magic      | 2 |  2.0
Fighting       | |  2.5
Short Blades   | |  0.5
Long Blades    | |  0.5
Axes           | |  0.5
Maces & Flails | |  2.5
Polearms       | |  0.5
Staves         | |  0.5
Slings         | |  0.5
Bows           | |  0.5
Crossbows      | |  0.5
Throwing       | |  0.5
Armour         | |  2.5
Dodging        | |  0.5
Stealth        | |  2.3
Shields        | |  0.5
Unarmed Combat | |  0.5
Spellcasting   | |  0.5
Conjurations   | |  7.0
Hexes          | |  0.3
Charms         | |  0.3
Summonings     | |  0.3
Necromancy     | |  0.3
Translocations | |  0.3
Transmutations | |  0.3
Fire Magic     | |  0.3
Air Magic      | |  0.3
Earth Magic    | |  0.3
Poison Magic   | |  0.3
Invocations    | |  0.6
Evocations     | |  2.5

Action                   || total
-------------------------++-------
Melee: Club              ||    33
       Bite              ||     3
 Cast: Magic Dart        ||    20
Armor: Leather armour    ||    18
Dodge: Dodged            ||    26
